 Dungeon Crawl Stone Soup version 0.16.0-17-g811c1d7 (webtiles) character file.

204 maniek23 the Sneak (level 5, -1/36 HPs)
             Began as a Vampire Enchanter on Mar 21, 2015.
             Was an Initiate of Nemelex Xobeh.
             Slain by a gnoll
             ... wielding a +0 spear
              (8 damage)
             ... on level 3 of the Dungeon.
             The game lasted 00:10:21 (2552 turns).

maniek23 the Sneak (Vampire Enchanter)              Turns: 2552, Time: 00:10:21

Health: -1/36      AC:  4    Str:  7    XL:     5   Next: 52%
Magic:  1/9        EV: 13    Int: 18    God:    Nemelex Xobeh [......]
Gold:   115        SH:  0    Dex: 14    Spells: 3 memorised, 2 levels left

rFire  . . .     SeeInvis +     a - +1 dagger
rCold  + . .     Clarity  .     b - +1 robe
rNeg   + . .     SustAb   .     (no shield)
rPois  .         Gourm    .     (no helmet)
rElec  .         Spirit   .     (no cloak)
rCorr  .         Warding  .     (no gloves)
rMut   .         Stasis   .     n - +0 pair of boots
MR     .....                    (no amulet)
Stlth  ++++......               (no ring)
                                t - ring of protection from cold

@: not resistant to hostile enchantments, stealthy
A: bottle blood, fangs 3, see invisible, unbreathing
a: Bat Form, Renounce Religion


You were on level 3 of the Dungeon.
You worshipped Nemelex Xobeh.
Nemelex Xobeh was noncommittal.
You were not thirsty.

You visited 1 branch of the dungeon, and saw 3 of its levels.

You collected 115 gold pieces.

Inventory:

Hand weapons
 a - a +1 dagger (weapon)
Missiles
 s - 2 throwing nets (quivered)
Armour
 b - a +1 robe (worn)
 n - a +0 pair of boots (worn)
Jewellery
 t - a ring of protection from cold (left hand)
Magical devices
 l - a wand of cold (3)
Scrolls
 e - 2 scrolls of identify
 f - 3 scrolls of remove curse
 h - a scroll of teleportation {unknown}
 k - a scroll of fog {unknown}
 o - a scroll of noise {unknown}
 q - a scroll of enchant armour {unknown}
Potions
 d - 13 potions of blood
 g - 2 potions of heal wounds
 i - a potion of invisibility {unknown}
 j - a potion of restore abilities {unknown}
 r - a potion of curing
Books
 c - a book of Maledictions

   Spells                             Type                      Level
   a - Corona                         Hexes                        1
   b - Sure Blade                     Hexes/Charms                 2
   c - Ensorcelled Hibernation        Hexes/Ice                    2
   d - Confuse                        Hexes                        3
   e - Dazzling Spray                 Conjuration/Hexes            3
   f - Enslavement                    Hexes                        4
Miscellaneous
 m - a legendary deck of destruction {drawn: 2}


   Skills:
 + Level 0.8 Fighting
 + Level 2.1 Short Blades
 + Level 3.5 Dodging
 + Level 6.3 Stealth
 + Level 2.2 Spellcasting
 + Level 5.5 Hexes
 + Level 0.4 Ice Magic
 * Level 1.1 Evocations


You had 2 spell levels left.
You knew the following spells:

 Your Spells              Type           Power        Failure   Level  Hunger
a - Corona                Hex            ###....      1%          1    #......
b - Ensorcelled Hibernat  Hex/Ice        ##....       10%         2    ##.....
c - Confuse               Hex            ###.....     6%          3    ###....


Dungeon Overview and Level Annotations

Branches:
Dungeon (3/15)

Altars:
Gozag
Nemelex Xobeh


Innate Abilities, Weirdness & Mutations

You can bottle blood from corpses.
You have razor-sharp teeth.
You have supernaturally acute eyesight.
You can survive without breathing.


Message History

Aiming: Corona
Press: ? - help, Shift-Dir - straight line, f - orc
Aim: an orc, wielding a dagger and wearing a leather armour (moderately wounded, chance 77%)
The orc is outlined in light.
The gnoll hits you from afar with a spear!
The orc hits you but does no damage.
You barely miss the orc.
The orc is moderately wounded.
The gnoll hits you from afar with a spear.
* * * LOW HITPOINT WARNING * * *
The orc misses you.
Casting: Corona
Confirm with . or Enter, or press ? or * to list all spells.
Aiming: Confuse
Press: ? - help, Shift-Dir - straight line, f/p - orc
Aim: an orc, wielding a dagger and wearing a leather armour (moderately wounded, softly glowing, chance 69%)
The orc appears confused.
The gnoll hits you from afar with a spear!
You die...
Your body disappears without a glow.

≈ ..≈≈ ..
...≈≈#####≈
..≈≈≈≈≈≈≈
.≈≈≈≈≈≈
..... .)g
#o# #@# #.#
. #####.#
### .#
#.....#.
#.. ..
##.####.#
#.# .# #.#
#.# #.# .#
#.# #.#
#.##.#####
#.# #.#
#........#
#.# #.#
#....###.#


You could see a gnoll and an orc (confused).

Vanquished Creatures
  8 gnolls (D:3)
  3 adders (D:2)
  A giant mite (D:1)
  4 worms
  3 giant geckos
  An ooze (D:1)
  3 orcs (D:3)
  2 ball pythons
  7 bats
  8 hobgoblins
  7 jackals
  4 kobolds
  A quokka (D:3)
  5 giant cockroaches
  4 giant newts
  10 goblins
  5 rats
76 creatures vanquished.

Vanquished Creatures (others)
  4 toadstools (D:1)
4 creatures vanquished.

Grand Total: 80 creatures vanquished

Notes
Turn   | Place    | Note
--------------------------------------------------------------
     0 | D:1      | maniek23, the Vampire Enchanter, began the quest for the Orb.
     0 | D:1      | Reached XP level 1. HP: 13/13 MP: 3/3
    88 | D:1      | Reached skill level 5 in Hexes
    88 | D:1      | Reached XP level 2. HP: 14/19 MP: 4/4
    92 | D:1      | Learned a level 2 spell: Ensorcelled Hibernation
   231 | D:1      | Reached skill level 5 in Stealth
   344 | D:1      | Reached XP level 3. HP: 7/24 MP: 3/6
   824 | D:2      | Reached XP level 4. HP: 30/30 MP: 7/7
  1063 | D:2      | Found an opulent altar of Gozag.
  1064 | D:2      | Found a sparkling altar of Nemelex Xobeh.
  1068 | D:2      | Reached skill level 6 in Stealth
  1186 | D:2      | Became a worshipper of Nemelex Xobeh the Trickster
  1217 | D:3      | Received a gift from Nemelex Xobeh
  2104 | D:3      | Learned a level 3 spell: Confuse
  2151 | D:3      | Reached XP level 5. HP: 32/36 MP: 0/9
  2248 | D:3      | Reached skill level 1 in Evocations
  2552 | D:3      | Slain by a gnoll

Action                   |  1- 3 |  4- 6 || total
-------------------------+-------+-------++-------
Melee: Dagger            |    80 |   146 ||   226
 Cast: Ensorcelled Hiber |     2 |    15 ||    17
       Confuse           |       |     8 ||     8
       Corona            |       |     1 ||     1
 Abil: End Transformatio |       |     2 ||     2
       Bat Form          |       |     2 ||     2
Evoke: Deck              |       |     2 ||     2
  Use: Potion            |       |     3 ||     3
       Scroll            |       |     2 ||     2
 Stab: Sleeping          |     8 |     9 ||    17
       Confused          |       |     3 ||     3
  Eat: Corpse            |     3 |     3 ||     6
